 Dungeon Crawl Stone Soup version 0.27.1-3-gb3d3a73c9e (webtiles) character file.

Game seed: 8365940405099175168

60 raph the Firebug (level 3, -2/19 HPs)
             Began as a Deep Elf Fire Elementalist on Oct 27, 2021.
             Slain by a worm (9 damage)
             ... on level 3 of the Dungeon.
             The game lasted 00:02:43 (2092 turns).

raph the Firebug (Deep Elf Fire Elementalist)       Turns: 2092, Time: 00:02:43

Health: -2/19      AC:  3    Str: 11    XL:     3   Next: 82%
Magic:  7/10       EV: 13    Int: 26    God:
Gold:   101        SH:  0    Dex: 15    Spells: 3/9 levels left

rFire    . . .     SeeInvis .   d - +0 dagger
rCold    . . .     Faith    .   (no shield)
rNeg     . . .     Spirit   .   a - +0 robe
rPois    .         Reflect  .   k - +0 helmet
rElec    .         Harm     .   (no cloak)
rCorr    .         Rampage  .   (no gloves)
Will     .....                  (no boots)
Stlth    ++........             (no amulet)
HPRegen  0.06/turn              c - +6 ring of intelligence
MPRegen  0.12/turn              g - +6 ring of strength

@: very slightly contaminated
A: no striking features
a: no special abilities


You were on level 3 of the Dungeon.
You visited 1 branch of the dungeon, and saw 3 of its levels.

You collected 101 gold pieces.

Inventory:

Hand Weapons
 d - a +0 dagger (weapon)
Armour
 a - a +0 robe (worn)
 k - a +0 helmet (worn)
Jewellery
 c - a +6 ring of intelligence (left hand)
 g - a +6 ring of strength (right hand)
 l - a +6 ring of strength
Scrolls
 f - 2 scrolls of identify {unknown}
 h - a scroll of holy word {unknown}
 i - 2 scrolls of teleportation {unknown}
 j - a scroll of blinking {unknown}
 m - a scroll of amnesia {unknown}
 n - 2 scrolls of acquirement {unknown}
Potions
 b - a potion of haste {unknown}
 e - a potion of curing {unknown}


   Skills:
 + Level 2.9 Dodging
 + Level 3.0 Stealth
 + Level 3.5 Spellcasting
 * Level 2.3 Conjurations
 * Level 3.9 Fire Magic


You had 3 spell levels left.
You knew the following spells:

 Your Spells              Type           Power      Damage    Failure   Level
a - Foxfire               Conj/Fire      84%        2x1d8     2%          1
b - Call Imp              Summ           4%         N/A       14%         2
c - Conjure Flame         Conj/Fire      21%        6-21      8%          3

Your spell library contained the following spells:

 Spells                   Type           Power      Damage    Failure   Level
 Magic Dart               Conj           68%        1d6       3%          1
 Inner Flame              Hex/Fire       14%        N/A       12%         3
 Mephitic Cloud           Conj/Pois/Air  8%         N/A       19%         3
 Sticky Flame             Conj/Fire      21%        2d4       24%         4
 Fireball                 Conj/Fire      10%        3d6       56%         5


Dungeon Overview and Level Annotations

Branches:
Dungeon (3/15)

Altars:


Message History

You see here a +0 club.
Things that are here:
a +0 short sword; a stone Done exploring.
Done exploring.
There is an open door here.
There is a stone staircase leading down here.
You climb downwards.
There is a stone staircase leading up here.
A goblin comes into view. It is wielding a +0 dagger.
You hit the worm.
The worm is lightly wounded.
The worm closely misses you.
You barely miss the worm.
The worm is lightly wounded.
The goblin shouts!
Casting: Foxfire (safe; 2% risk of failure)
Confirm with . or Enter, or press ? or * to list all spells.
You miscast Foxfire.
You are very lightly contaminated with residual magic.
Nothing appears to happen.
The worm bites you!
Ouch! That really hurt!
Casting: Foxfire (safe; 2% risk of failure)
Confirm with . or Enter, or press ? or * to list all spells.
You conjure some foxfire!
The worm bites you.
Casting: Foxfire (safe; 2% risk of failure)
Confirm with . or Enter, or press ? or * to list all spells.
You conjure some foxfire!
The foxfire hits the worm.
The worm is moderately wounded.
The foxfire hits the worm.
The worm is heavily wounded.
The foxfire hits the worm but does no damage.
The worm is heavily wounded.
The foxfire hits the worm.
The worm is severely wounded.
There is a stone staircase leading up here.
You hit the worm.
The worm is severely wounded.
The worm bites you!
You die...

+##+##
#.....#####
##.⌠.#@...#
.......gw..#
#.##......##
#####.## #.#
#.# #.# ..#
###


You could see a worm and a goblin.

Vanquished Creatures
  2 adders (D:2)
  A dart slug (D:1)
  5 ball pythons
  7 endoplasms
  A giant cockroach (D:1)
  4 goblins
  5 hobgoblins
  5 kobolds
  2 bats
  4 frilled lizards
  3 rats
39 creatures vanquished.

Vanquished Creatures (others)
  98 foxfires
98 creatures vanquished.

Grand Total: 137 creatures vanquished

Notes
Turn   | Place    | Note
-------+----------+-------------------------------------------
     0 | D:1      | raph the Deep Elf Fire Elementalist began the quest for the
                  | Orb.
     0 | D:1      | Reached XP level 1. HP: 10/10 MP: 6/6
   169 | D:1      | Reached XP level 2. HP: 15/15 MP: 4/8
   725 | D:1      | Learned a level 2 spell: Call Imp
  1092 | D:2      | Reached XP level 3. HP: 19/19 MP: 9/9
  1096 | D:2      | Learned a level 3 spell: Conjure Flame
  2092 | D:3      | Slain by a worm

Illustrated notes

Levels and vault maps discovered:
D:1:      mrwooster_arrival_statue, layout_rooms, minmay_shallow_snake_nest
D:2:      layout_loops_corners
D:3:      kennysheep_six_static_rooms, layout_loops_ring,
          grunt_temple_overflow_open, chequers_hall_statues_wall_a,
          grunt_ministairs_4, uniq_terence, uniq_grinder, uniq_robin

Skill      XL: |  1  2  3 |
---------------+----------+-----
Conjurations   | 2 |  2.3
Stealth        | 3 |  3.0
Dodging        | |  2.9
Spellcasting   | |  3.5
Fire Magic     | |  3.9

Action                   || total
-------------------------++-------
Melee: Dagger            ||    14
 Cast: Foxfire           ||    56
 Stab: Sleeping          ||     3
Armor: Robe              ||     4
Dodge: Dodged            ||    17
